Map: Ley Lines

Players

Geralt (Gerald) - Winner!

  • Race: Protoss Protoss
  • League: Master
  • Spawn Location: 7:00

STZsOs (sOs)

  • Race: Protoss Protoss
  • League: Master
  • Spawn Location: 1:00

Event: FEL Cracov 2025

VOD

Have the link to the VOD?

Description

Time

  • Played on: July 27, 2025, 11:50 a.m.
  • Length: 12:13

All games in this series

Show
View Real Time Build Order
Export as new Build Order

Geralt Protoss - Winner!

Build Orders: Blink Stalkers 

Get SALT Encoding   

  12  0:00  Probe  
  13  0:12  Probe  
  14  0:16  Pylon  
  14  0:22  Probe  
  15  0:30  Probe  
  16  0:36  Gateway  
  16  0:39  Probe  
  16  0:46  Assimilator  
  17  0:50  Probe  
  18  0:58  Assimilator  
  18  0:59  Probe  
  19  1:07  Gateway, Probe  
  19  1:17  Probe  
  20  1:23  Cybernetics Core  
  21  1:29  Probe  
  22  1:34  Pylon  
  22  1:41  Probe  
  22  1:45  Pylon  
  23  1:55  Probe  
  23  1:58  Pylon  
  24  2:02  Stalker  
  24  2:03  Stalker  
  28  2:17  Cybernetics Core  
  28  2:20  Warp Gate  
  28  2:23  Probe  
  29  2:35  Probe  
  30  2:51  Nexus  
  30  2:57  Pylon  
  31  3:00  Twilight Council  
  31  3:03  Probe  
  31  3:15  Sentry, Probe, Shield Battery  
  31  3:16  Blink  
  34  3:25  Shield Battery  
  34  3:27  Probe  
  35  3:39  Probe  
  36  3:44  Pylon  
  36  3:51  Probe  
  37  4:00  Gateway  
  37  4:03  Probe x2  
  39  4:10  Stalker  
  39  4:15  Probe  
  42  4:20  Probe  
  43  4:27  Probe  
  43  4:30  Stalker  
  46  4:32  Probe  
  46  4:37  Stalker  
  51  4:48  Nexus  
  51  4:50  Probe  
  50  4:54  Stalker  
  50  4:55  Pylon  
  53  5:04  Probe, Stalker  
  55  5:07  Stalker  
  55  5:09  Probe  
  58  5:16  Robotics Facility  
  54  5:30  Probe  
  54  5:34  Probe  
  54  5:37  Stalker, Adept x2  
  54  5:42  Probe  
  61  5:45  Charge  
  61  5:46  Probe, Forge  
  61  5:48  Shield Battery  
  62  5:50  Probe  
  62  5:56  Gateway x2  
  63  5:58  Probe x2  
  63  6:00  Probe  
  66  6:05  Stalker  
  66  6:08  Probe  
  66  6:10  Probe  
  70  6:12  Probe  
  69  6:21  Probe  
  69  6:22  Probe  
  69  6:25  Probe  
  72  6:31  Stalker x3, Protoss Ground Weapons Level 1  
  78  6:33  Probe  
  78  6:34  Probe  
  78  6:37  Probe  
  81  6:40  Pylon  
  81  6:42  Gateway  
  81  6:43  Observer  
  81  6:44  Pylon  
  81  6:46  Gateway  
  81  6:47  Gateway  
  80  6:58  Nexus  
  80  6:59  Pylon  
  80  7:05  Probe  
  81  7:08  Gateway, Adept x2  
  81  7:10  Probe  
  81  7:13  Gateway  
  81  7:15  Probe  
  87  7:21  Shield Battery  
  87  7:28  Zealot x3  
  93  7:30  Pylon  
  93  7:33  Pylon  
  93  7:34  Pylon  
  93  7:39  Probe  
  93  7:41  Zealot x5  
  93  7:42  Templar Archives  
  104  7:50  Probe  
  101  7:51  Probe, Assimilator  
  101  7:52  Assimilator  
  101  7:53  Assimilator  
  101  7:54  Assimilator  
  101  7:56  Zealot x3  
  108  8:02  Probe  
  108  8:05  Probe  
  110  8:14  Zealot x6  
  122  8:29  Probe  
  122  8:33  Probe  
  124  8:36  High Templar x2, Shield Battery  
  124  8:38  Probe, Shield Battery  
  124  8:39  High Templar x2  
  124  8:40  Archon  
  133  8:42  Immortal  
  133  8:43  Archon  
  133  8:44  Zealot  
  133  8:46  Zealot  
  137  8:51  Pylon  
  137  8:53  Pylon  
  137  8:55  Zealot  
  143  9:02  High Templar  
  145  9:03  Shield Battery  
  145  9:06  Shield Battery  
  145  9:08  Zealot  
  139  9:24  Stalker x8  
  139  9:28  Probe  
  132  9:38  Zealot x2  
  118  9:48  Zealot x3  
  118  9:49  Zealot x5  
  116  9:54  Probe  
  116  9:56  Probe  
  116  9:59  Stalker x2  
  116  10:02  Photon Cannon  
  116  10:04  Probe x3  
  116  10:06  Probe  
  119  10:11  High Templar x3, Observer  
  119  10:12  Probe, High Templar, Zealot x4  
  136  10:16  Archon  
  136  10:17  Archon  
  136  10:18  Observer  
  136  10:19  Observer  
  137  10:22  Shield Battery, Probe x2  
  137  10:23  Shield Battery  
  137  10:24  Pylon  
  140  10:32  Zealot x2  
  140  10:34  Probe  
  145  10:41  Stalker  
  145  10:42  Stalker, Robotics Bay  
  149  10:52  Zealot x5  
  149  10:57  Immortal  
  163  11:09  Robotics Facility  
  161  11:11  Photon Cannon  
  161  11:12  Photon Cannon  
  161  11:13  Shield Battery  
  161  11:21  Stalker x5  
  171  11:28  Pylon  
  171  11:29  Pylon  
  171  11:32  Photon Cannon  
  171  11:33  Photon Cannon  
  171  11:36  Pylon, Disruptor  
  163  11:50  Stalker x7  
  163  11:51  Stalker x3  
Show
View Real Time Build Order
Export as new Build Order

STZsOs Protoss 

Build Orders: Oracle Opening, Phoenix Opening 

Get SALT Encoding   

  12  0:00  Probe  
  13  0:12  Probe  
  14  0:17  Pylon  
  14  0:23  Probe  
  15  0:31  Probe  
  16  0:36  Gateway  
  16  0:39  Probe  
  16  0:45  Assimilator  
  17  0:50  Probe  
  18  0:59  Pylon, Probe  
  19  1:05  Assimilator  
  19  1:07  Probe  
  19  1:17  Probe  
  20  1:23  Cybernetics Core  
  21  1:30  Probe, Zealot  
  24  1:42  Probe  
  24  1:54  Probe  
  24  1:59  Phoenix  
  24  2:00  Warp Gate, Sentry  
  27  2:19  Pylon  
  27  2:20  Stalker  
  27  2:21  Probe  
  30  2:33  Probe  
  30  2:35  Stargate  
  31  2:46  Probe  
  31  2:50  Shield Battery  
  32  2:53  Nexus  
  32  3:00  Phoenix  
  32  3:01  Probe  
  33  3:09  Oracle  
  33  3:15  Probe  
  37  3:20  Pylon  
  37  3:27  Probe  
  38  3:39  Robotics Facility, Probe  
  39  3:49  Oracle  
  39  3:51  Probe  
  43  4:03  Gateway  
  43  4:04  Probe x2  
  45  4:12  Probe  
  45  4:15  Sentry  
  45  4:16  Probe  
  49  4:20  Probe  
  49  4:26  Observer  
  49  4:27  Pylon  
  49  4:28  Probe  
  52  4:34  Immortal  
  52  4:35  Pylon  
  52  4:38  Probe  
  53  4:40  Probe  
  55  4:49  Nexus  
  55  4:54  Stalker  
  55  4:55  Probe x2  
  59  5:04  Immortal  
  59  5:08  Shield Battery  
  59  5:11  Shield Battery  
  63  5:17  Assimilator  
  63  5:19  Stalker  
  63  5:20  Shield Battery  
  63  5:35  Stalker  
  65  5:36  Probe x2  
  65  5:39  Observer  
  65  5:44  Immortal  
  65  5:48  Forge  
  65  5:49  Probe  
  71  5:50  Probe  
  71  5:51  Pylon  
  71  6:01  Probe x2  
  71  6:02  Probe  
  74  6:09  Probe  
  74  6:10  Stalker x2  
  77  6:14  Probe  
  77  6:17  Probe  
  76  6:19  Probe  
  76  6:23  Immortal  
  81  6:26  Protoss Ground Weapons Level 1  
  80  6:37  Probe  
  80  6:38  Probe  
  80  6:42  Gateway, Probe  
  80  6:45  Probe  
  81  6:50  Probe x2  
  81  6:52  Twilight Council  
  81  6:53  Probe  
  85  7:02  Probe, Immortal  
  85  7:04  Probe x2  
  92  7:15  Gateway  
  92  7:17  Probe x3, Gateway  
  92  7:18  Gateway  
  92  7:21  Resonating Glaives, Pylon  
  95  7:23  Gateway x2  
  95  7:24  Sentry  
  96  7:41  Adept x2  
  100  7:48  Probe  
  100  7:51  Observer  
  100  7:58  Pylon  
  100  8:00  Immortal  
  100  8:03  Gateway  
  100  8:04  Gateway  
  104  8:08  Pylon x2  
  103  8:23  Adept x7  
  115  8:36  Pylon  
  115  8:37  Warp Prism  
  115  8:38  Pylon  
  115  8:41  Pylon  
  115  8:42  Pylon  
  115  8:45  Adept x7  
  131  8:52  Adept  
  133  8:58  Pylon  
  133  8:59  Adept x2  
  135  9:07  Adept x3  
  135  9:08  Adept x4  
  149  9:10  Observer  
  149  9:13  Adept  
  143  9:21  Adept x2  
  140  9:29  Adept x3  
  130  9:43  Adept x5  
  120  9:46  Adept x7  
  120  9:47  Immortal  
  98  10:07  Sentry  
  98  10:08  Probe x3  
  98  10:13  Assimilator  
  98  10:14  Warp Prism  
  105  10:28  Adept x6  
  105  10:32  Adept  
  117  10:50  Adept x4  
  117  10:51  Adept x2  
  133  11:11  Adept x4  
  133  11:12  Adept  
  141  11:30  Adept x5  
  149  11:37  Adept x4  
  149  11:38  Adept  
  93  11:54  Adept  
  93  11:55  Adept x3  
Tags
 
Add a new tag
Caveats
  • Supply blocks, unpowered buildings, or Contaminate may cause inaccurate times.
  • Supply counts are checked every 10 seconds.